Map: Defender's Landing LE

Players

Salvite

  • Race: Protoss Protoss
  • Spawn Location: 1:00

madmanAA - Winner!

  • Race: Zerg Zerg
  • League: Gold
  • Spawn Location: 7:00

VOD

Have the link to the VOD?

Description

Time

  • Played on: June 2, 2017, 1:37 a.m.
  • Length: 10:21
Show
View Real Time Build Order
Export as new Build Order

Salvite Protoss 

Build Orders:  

Get SALT Encoding   

  12  0:01  Probe (Chrono Boost)  
  13  0:14  Pylon  
  13  0:19  Probe (Chrono Boost)  
  14  0:30  Probe (Chrono Boost)  
  15  0:38  Gateway  
  15  0:47  Probe (Chrono Boost)  
  16  0:57  Probe (Chrono Boost)  
  16  0:58  Pylon  
  17  1:08  Probe (Chrono Boost)  
  19  1:18  Probe (Chrono Boost)  
  19  1:20  Gateway  
  19  1:25  Pylon  
  19  1:30  Zealot  
  20  1:43  Probe (Chrono Boost)  
  20  1:45  Assimilator  
  21  2:09  Cybernetics Core  
  21  2:26  Assimilator  
  21  2:31  Gateway  
  21  2:34  Gateway  
  21  2:37  Gateway x2  
  21  2:57  Gateway  
  21  3:00  Warp Gate  
  22  3:16  Mothership Core (Chrono Boost)  
  23  3:37  Robotics Facility  
  23  3:42  Adept x2  
  27  4:14  Probe (Chrono Boost)  
  28  4:24  Probe (Chrono Boost)  
  28  4:26  Stalker, Adept  
  28  4:27  Stalker x2  
  37  4:35  Probe (Chrono Boost)  
  39  4:45  Probe (Chrono Boost)  
  37  5:01  Warp Prism  
  37  6:20  Stalker  
  39  6:29  Pylon  
  39  6:32  Pylon  
  37  6:57  Stalker  
  37  6:58  Stalker x3  
  37  6:59  Stalker x2  
  37  7:00  Stalker  
  51  7:33  Stalker x2  
  53  7:54  Adept  
  47  8:12  Pylon  
  43  8:13  Pylon  
  43  8:15  Pylon  
  43  8:25  Stalker  
  43  8:27  Stalker x3  
  41  8:28  Stalker x2  
  41  8:29  Stalker  
  35  8:59  Adept x2  
  35  9:00  Adept x4  
  35  9:01  Adept  
  29  9:33  Stalker x2  
  29  9:34  Stalker  
  29  9:35  Stalker  
  29  9:54  Adept  
Show
View Real Time Build Order
Export as new Build Order

madmanAA Zerg - Winner!

Build Orders: Hatch First 

Get SALT Encoding   

  12  0:02  Drone  
  13  0:09  Drone  
  14  0:40  Hatchery  
  13  0:48  Drone  
  14  0:50  Overlord  
  14  0:57  Overlord  
  14  1:20  Spawning Pool, Drone  
  14  1:21  Drone  
  15  1:30  Drone  
  16  1:44  Drone x2  
  18  1:53  Drone  
  19  2:02  Drone  
  21  2:08  Drone x2  
  21  2:14  Queen x2  
  26  2:23  Zergling x4  
  26  2:29  Zergling x4  
  31  2:37  Zergling x2  
  31  2:49  Zergling x6  
  34  3:00  Extractor  
  34  3:03  Queen  
  34  3:04  Queen, Extractor  
  36  3:25  Overlord x4  
  36  3:26  Overlord x2  
  36  3:57  Drone x3  
  36  3:58  Drone  
  40  4:05  Lair  
  40  4:29  Metabolic Boost  
  40  4:30  Hatchery  
  39  4:41  Drone x5  
  39  4:42  Drone x3  
  39  4:43  Drone  
  45  5:06  Zergling x6  
  45  5:07  Zergling x8  
  52  5:18  Drone x3, Extractor x2  
  52  5:19  Drone  
  54  5:35  Spore Crawler  
  54  5:36  Spore Crawler  
  54  5:38  Spine Crawler  
  54  5:40  Spine Crawler  
  50  5:49  Spore Crawler x2  
  48  5:54  Spine Crawler  
  48  5:57  Spine Crawler  
  45  6:00  Zergling x6  
  45  6:01  Zergling x6  
  51  6:35  Infestation Pit  
  50  6:40  Spire  
  49  6:51  Drone x2  
  49  6:52  Drone x5  
  56  7:03  Spore Crawler  
  56  7:05  Spore Crawler  
  54  7:08  Spore Crawler  
  54  7:13  Spore Crawler  
  61  7:18  Drone x2  
  57  8:02  Burrow  
  48  8:12  Zergling x2  
  48  8:13  Zergling x12  
  48  8:14  Zergling x10  
  73  8:59  Drone  
  72  9:14  Drone x3  
  72  9:15  Drone  
  66  9:32  Queen x2  
  66  9:38  Drone x3  
  73  9:40  Drone  
  73  9:41  Drone x5  
Tags
 
Add a new tag
Caveats
  • Supply blocks, unpowered buildings, or Contaminate may cause inaccurate times.
  • Supply counts are checked every 10 seconds.